 Dungeon Crawl Stone Soup version 0.26.1-11-gd32895ea62 (webtiles) character file.

Game seed: 13494330470566022342

522 hawla the Conjurer (level 7, 0/38 HPs)
             Began as a Deep Elf Conjurer on June 4, 2021.
             Succumbed to a worker ant's poison
             ... on level 5 of the Dungeon.
             The game lasted 00:11:44 (4184 turns).

hawla the Conjurer (Deep Elf Conjurer)              Turns: 4184, Time: 00:11:44

Health: 0/38       AC:  5    Str:  4    XL:     7   Next: 1%
Magic:  0/15       EV: 13    Int: 25    God:
Gold:   118        SH:  5    Dex: 19    Spells: 7/14 levels left

rFire    . . .     SeeInvis .   q - staff of air
rCold    . . .     Faith    .   n - +1 buckler
rNeg     + . .     Spirit   .   a - +0 robe
rPois    .         Reflect  .   (no helmet)
rElec    +         Harm     .   (no cloak)
rCorr    .         Rampage  .   (no gloves)
Will     .....                  d - +2 pair of boots
Stlth    ++........             (no amulet)
HPRegen  0.12/turn              j - +6 ring of dexterity
MPRegen  0.14/turn              o - ring of positive energy

@: brilliant, lethally poisoned (0 -> -16)
A: no striking features
a: no special abilities


You were on level 5 of the Dungeon.
You visited 1 branch of the dungeon, and saw 5 of its levels.

You collected 235 gold pieces.
You spent 117 gold pieces at shops.

Inventory:

Missiles
 f - 14 poisoned darts (quivered)
 k - 5 boomerangs
 l - 10 atropa-tipped darts
 m - 8 curare-tipped darts
Armour
 a - a +0 robe (worn)
 d - a +2 pair of boots (worn)
 n - a +1 buckler (worn)
Magical Staves
 q - an uncursed staff of air (weapon)
Jewellery
 j - a +6 ring of dexterity (left hand)
 o - a ring of positive energy (right hand)
Wands
 b - a wand of disintegration (12)
 h - a wand of flame (11)
Scrolls
 c - a scroll of fear {unknown}
 e - 2 scrolls of magic mapping
 g - 5 scrolls of identify


   Skills:
 + Level 1.2 Fighting
 + Level 0.5 Staves
 - Level 1.0 Throwing
 + Level 2.7 Dodging
 + Level 2.7 Stealth
 + Level 0.3 Shields
 + Level 4.3 Spellcasting
 + Level 7.1 Conjurations
 + Level 0.7 Necromancy
 + Level 3.1 Translocations
 + Level 0.7 Fire Magic
 + Level 0.6 Earth Magic
 + Level 0.6 Evocations


You had 7 spell levels left.
You knew the following spells:

 Your Spells              Type           Power        Failure   Level
a - Magic Dart            Conj           100%         1%          1
b - Searing Ray           Conj           100%         1%          2
c - Iskenderun's Mystic   Conj/Tloc      46%          17%         4

Your spell library contained the following spells:

 Spells                   Type           Power        Failure   Level
 Dazzling Flash           Conj/Hex       68%          10%         3
 Fulminant Prism          Conj/Hex       17%          32%         4


Dungeon Overview and Level Annotations

Branches:
Dungeon (5/15)
 Temple: D:4-7

Altars:
Okawaru
Sif Muna
The Shining One

Shops:
D:4 *(?


Message History

You are more poisoned.
The worker ant poisons you!
Okay, then.
You feel clever all of a sudden.
* * * LOW HITPOINT WARNING * * *
You feel sick. The worker ant bites you.
* * * LOW HITPOINT WARNING * * *
Casting: Magic Dart (safe; 1% risk of failure)
Confirm with . or Enter, or press ? or * to list all spells.
Aiming: Magic Dart (safe; 1% risk of failure)
Press: ? - help, Shift-Dir - straight line, f/p - worker ant
Aim: a worker ant (almost dead, 0% to evade)
You feel a surge of power!
The magic dart hits the worker ant.
You kill the worker ant!
* * * LOW HITPOINT WARNING * * *
You feel sick.
You have reached level 7!
* * * LOW HITPOINT WARNING * * *
You feel sick.
You die...

. . .....# .. . ..... .#
...#.##...##..#
#....(#....$#..#
#8...8##..#....._.....#
##.....##.##..#.....#..#
#8.....8#.###.##...##..#
#..... #.........[....#
#8...8 #.###.#.@......#
##_## #.# #.#†......##
#########.# #.....##..#
.....<....#####.>.##.##
#.....###...###......#
#.....# #.#...#..#.###
#.....# #...#........#
.#....# ###.#####.##.#
#.#### #.# .# .#


There were no monsters in sight!

Vanquished Creatures
  A centaur (D:4)
  A bullfrog (D:3)
  2 hounds (D:4)
  A quasit (D:5)
  An orc priest (D:4)
  An orc wizard (D:4)
  5 worker ants
  An adder (D:3)
  A shadow imp (D:5)
  2 oozes (D:4)
  An adder skeleton (D:4)
  A worm (D:2)
  2 leopard geckos (D:1)
  10 orcs
  3 giant cockroaches
  5 goblins
  6 hobgoblins
  4 jackals (D:3)
  A quokka (D:4)
  A ball python (D:1)
  7 bats
  7 frilled lizards
  10 kobolds
  A quokka skeleton (D:4)
  10 rats
85 creatures vanquished.

Notes
Turn   | Place    | Note
-------+----------+-------------------------------------------
     0 | D:1      | hawla the Deep Elf Conjurer began the quest for the Orb.
     0 | D:1      | Reached XP level 1. HP: 10/10 MP: 6/6
   248 | D:1      | Reached XP level 2. HP: 16/16 MP: 6/8
   251 | D:1      | Learned a level 2 spell: Searing Ray
   373 | D:1      | Reached skill level 1 in Translocations
  1149 | D:2      | Reached XP level 3. HP: 20/20 MP: 2/10
  1244 | D:2      | Reached skill level 1 in Fighting
  1321 | D:2      | Found a glowing golden altar of the Shining One.
  1825 | D:3      | Noticed a bullfrog
  1835 | D:3      | Killed a bullfrog
  1836 | D:3      | Reached skill level 5 in Conjurations
  1836 | D:3      | Reached XP level 4. HP: 12/25 MP: 8/12
  1842 | D:3      | Learned a level 4 spell: Iskenderun's Mystic Blast
  2367 | D:3      | Reached XP level 5. HP: 28/29 MP: 13/13
  2820 | D:4      | Found Gehie's Magic Scroll Shoppe.
  2889 | D:4      | Bought a scroll of magic mapping for 35 gold pieces
  2889 | D:4      | Bought a scroll of identify for 20 gold pieces
  2910 | D:4      | Reached skill level 6 in Conjurations
  2998 | D:4      | Noticed a centaur
  3317 | D:4      | Reached XP level 6. HP: 34/34 MP: 7/14
  3389 | D:4      | Reached skill level 7 in Conjurations
  3781 | D:4      | Found Wiuleff's Weapon Shop.
  3786 | D:4      | Bought 8 curare-tipped darts for 62 gold pieces
  3941 | D:4      | Found Wisix's General Store.
  4066 | D:5      | Entered Level 5 of the Dungeon
  4066 | D:5      | Found a shimmering blue altar of Sif Muna.
  4111 | D:5      | Found an iron altar of Okawaru.
  4165 | D:5      | Reached skill level 1 in Throwing
  4183 | D:5      | Reached XP level 7. HP: 3/38 MP: 0/15
  4184 | D:5      | Succumbed to a worker ant's poison

Illustrated notes

Levels and vault maps discovered:
D:1:      nzn_arrival_depleted_hourglass, layout_loops_ring, st_stairs_6
D:2:      layout_rooms, nicolae_overflow_crystal_walls,
          kennysheep_generic_room_12
D:3:      layout_basic, serial_bayou_lagoon_a, minmay_bisected
D:4:      layout_rooms, serial_shops, shop, kennysheep_mini_moat, shop
D:5:      layout_rooms, nicolae_overflow_hidden_temple, okawaru_gym_becter,
          kennysheep_decorative_pillar, minmay_misc_feat_five, uniq_edmund,
          uniq_crazy_yiuf_cottage

Skill      XL: |  1  2  3  4  5  6 |
---------------+-------------------+-----
Translocations | 1 2 3 |  3.1
Fighting       | 1 |  1.2
Spellcasting   | 4 |  4.3
Conjurations   | 5 6 7 |  7.1
Throwing       | 1 |  1.0
Staves         | |  0.5
Dodging        | |  2.7
Stealth        | |  2.7
Shields        | |  0.3
Necromancy     | |  0.7
Fire Magic     | |  0.7
Earth Magic    | |  0.6
Evocations     | |  0.6

Action                   |  1- 3 |  4- 6 |  7- 9 || total
-------------------------+-------+-------+-------++-------
Melee: Short sword       |    23 |    22 |       ||    45
       Staff             |       |    33 |       ||    33
 Cast: Magic Dart        |    22 |    14 |       ||    36
       Searing Ray       |    24 |    23 |       ||    47
       Iskenderun's Myst |       |     4 |       ||     4
  Use: Scroll            |     4 |     3 |       ||     7
       Potion            |       |     2 |       ||     2
 Stab: Sleeping          |       |     1 |       ||     1
Armor: Robe              |     7 |    21 |       ||    28
Dodge: Dodged            |    23 |    49 |       ||    72
Block: Buckler           |       |    24 |       ||    24
